[Event "*** SCC Grand Prix: Titled Tuesday Blitz"]
[Site "Chess.com"]
[Date "2020.07.14"]
[Round "2"]
[White "Undisputed92"]
[Black "GMaka"]
[Result "1-0"]
[WhiteElo "2621"]
[BlackElo "2332"]
[TimeControl "180+1"]
[EndTime "10:13:32 PDT"]
[Termination "Undisputed92 won by resignation"]

1. e4 c6 2. c4 d5 3. exd5 cxd5 4. cxd5 Nf6 5. Nc3 Nxd5 6. Nf3 Nxc3 7. bxc3 g6 8. d4 Bg7 9. Bd3 O-O 10. O-O Nc6 11.
Re1 Bg4 12. h3 Bxf3 13. Qxf3 e5 14. d5 Na5 15. Ba3 Re8 16. d6 Rc8 17. Qd5 b6 18. d7 Rxc3 19. dxe8=Q+ Qxe8 20. Bb4 1-0

[Event "*** SCC Grand Prix: Titled Tuesday Blitz"]
[Site "Chess.com"]
[Date "2020.07.14"]
[Round "2"]
[White "Monmoransy"]
[Black "Suleyman_Chess06"]
[Result "1-0"]
[WhiteElo "2633"]
[BlackElo "2301"]
[TimeControl "180+1"]
[EndTime "10:13:39 PDT"]
[Termination "Monmoransy won by resignation"]

1. e4 e6 2. d4 d5 3. exd5 exd5 4. Nf3 Nc6 5. Bb5 Bd6 6. c4 dxc4 7. d5 a6 8. Ba4 b5 9. dxc6 bxa4 10. O-O Be6 11. Ng5 Nf6 12. Nxe6 fxe6 13. Nd2 a3 14. Nxc4 axb2 15. Bxb2 O-O 16. Qe2 Re8 17. Rad1 Qe7 18. Rfe1 Bc5 19. Ne5 Nd5 20. Nd7 Qh4 21. Nxc5 1-0

[Event "*** SCC Grand Prix: Titled Tuesday Blitz"]
[Site "Chess.com"]
[Date "2020.07.14"]
[Round "2"]
[White "warmoatmeal"]
[Black "nocnypako"]
[Result "1/2-1/2"]
[WhiteElo "2303"]
[BlackElo "2590"]
[TimeControl "180+1"]
[EndTime "10:13:40 PDT"]
[Termination "Game drawn by repetition"]

1. Nf3 Nf6 2. d4 g6 3. c4 Bg7 4. Nc3 d5 5. Bg5 Ne4 6. cxd5 Nxg5 7. Nxg5 O-O 8. Nf3 c6 9. dxc6 Nxc6 10. e3 e5 11.
dxe5 Qb6 12. Qb3 Nxe5 13. Nxe5 Bxe5 14. Qxb6 axb6 15. Bc4 Bf5 16. Ke2 Rfc8 17. Bb3 Bxc3 18. bxc3 Rxc3 19. Rac1 Rac8 20. Kd2 Rd3+ 21. Ke2 Rdc3 22.
Kd2 Rd3+ 23. Ke2 Rdc3 1/2-1/2

[Event "*** SCC Grand Prix: Titled Tuesday Blitz"]
[Site "Chess.com"]
[Date "2020.07.14"]
[Round "2"]
[White "Alexander_Moskalenko"]
[Black "szachuspl"]
[Result "0-1"]
[WhiteElo "2777"]
[BlackElo "2517"]
[TimeControl "180+1"]
[EndTime "10:13:46 PDT"]
[Termination "szachuspl won by resignation"]

1. e4 c5 2. Nc3 e6 3. g3 Nc6 4. Bg2 g6 5. d3 Bg7 6. Be3 d6 7. Nge2 Nd4 8. Qd2 Ne7 9. Bh6 Bxh6 10. Qxh6 Nxc2+ 11. Kd2 Nxa1 12. Rxa1 Nc6 13. Qg7 Rf8 14. Qxh7 Qf6 15. f4 Rh8 16. e5 dxe5 17. Bxc6+ Ke7 18. Ne4 Rxh7 19. Nxf6 Kxf6 20. fxe5+ Kxe5 21. Be8 Kd6 22. Rf1 Ke7 23. Ba4 Rxh2 24. Ke3 b6 25. Bc6 Rb8 26.
Rh1 Rxh1 27. Bxh1 Bb7 28. Bxb7 Rxb7 29. Nf4 g5 30. Nxe6 Kxe6 0-1

[Event "*** SCC Grand Prix: Titled Tuesday Blitz"]
[Site "Chess.com"]
[Date "2020.07.14"]
[Round "2"]
[White "x-3738459472"]
[Black "KyrgyzFighter"]
[Result "1-0"]
[WhiteElo "2543"]
[BlackElo "2289"]
[TimeControl "180+1"]
[EndTime "10:13:51 PDT"]
[Termination "x-3738459472 won by resignation"]

1. e4 e6 2. d4 d5 3. Nd2 Nc6 4. Ngf3 Nf6 5. e5 Nd7 6. c3 f6 7. Bb5 a6 8. Bxc6 bxc6 9. Qa4 c5 10. Qc6 Kf7 11. Qxa8 Nb6 12. Qa7 Be7 13. O-O Qd7 14.
dxc5 Bxc5 15. Nb3 Be7 16. Be3 Qc6 17. Na5 1-0

[Event "*** SCC Grand Prix: Titled Tuesday Blitz"]
[Site "Chess.com"]
[Date "2020.07.14"]
[Round "2"]
[White "Ze-Pequeno"]
[Black "f3andwins"]
[Result "1/2-1/2"]
[WhiteElo "2254"]
[BlackElo "2443"]
[TimeControl "180+1"]
[EndTime "10:13:53 PDT"]
[Termination "Game drawn by repetition"]

1. e4 c5 2. Nf3 d6 3. d4 cxd4 4. Nxd4 Nf6 5. Nc3 a6 6. f4 e5 7. Nf3 Qc7 8. a4 Nbd7 9. Bd3 Be7 10. O-O O-O 11. Kh1 b6 12. Qe1 Bb7 13. Nh4 Rfe8 14.
Nf5 Bf8 15. Qg3 d5 16. Nh6+ Kh8 17. Nxf7+ Kg8 18. Nh6+ Kh8 19. Nf7+ Kg8 20. Nh6+ Kh8 21. Nf7+ 1/2-1/2

[Event "*** SCC Grand Prix: Titled Tuesday Blitz"]
[Site "Chess.com"]
[Date "2020.07.14"]
[Round "2"]
[White "Sergey85Rodchenkov"]
[Black "barbara25"]
[Result "1-0"]
[WhiteElo "2523"]
[BlackElo "2212"]
[TimeControl "180+1"]
[EndTime "10:13:59 PDT"]
[Termination "Sergey85Rodchenkov won by resignation"]

1. e4 c5 2. Nf3 d6 3. d4 cxd4 4. Nxd4 Nf6 5. Nc3 a6 6. Bc4 e6 7. Bb3 Be7 8. O-O O-O 9. f4 Nc6 10. Kh1 Qc7 11. f5 exf5 12. Nxf5 Bxf5 13. Rxf5 Ne5 14.
Bg5 Ned7 15. Qf3 Kh8 16. Rf1 b5 17. Qh3 b4 18. Nd5 Nxd5 19. Bxd5 Bxg5 20. Bxa8 Bf6 21.
Bd5 Qxc2 22. b3 Qxa2 23. Rh5 h6 24. Qxd7 Qe2 25. Qf5 Re8 26. Rxh6+ Kg8 27. Rh3 Re5 28. Qc8+ 1-0

[Event "*** SCC Grand Prix: Titled Tuesday Blitz"]
[Site "Chess.com"]
[Date "2020.07.14"]
[Round "2"]
[White "KetiGrant"]
[Black "BillCoe"]
[Result "1-0"]
[WhiteElo "2396"]
[BlackElo "2108"]
[TimeControl "180+1"]
[EndTime "10:14:05 PDT"]
[Termination "KetiGrant won by checkmate"]

1. e4 c5 2. Nf3 e6 3. d4 cxd4 4. Nxd4 a6 5. Bd3 Qc7 6. O-O Nf6 7. f4 Bc5 8. c3 d6 9. Kh1 O-O 10. Nd2 b5 11. N2f3 Nbd7 12. Qe2 Bb7 13. e5 Bxf3 14. Nxf3 Nd5 15. Bxh7+ Kxh7 16. Ng5+ Kg6 17. Qe4+ f5 18. exf6+ Kxf6 19. Qxe6# 1-0

[Event "*** SCC Grand Prix: Titled Tuesday Blitz"]
[Site "Chess.com"]
[Date "2020.07.14"]
[Round "2"]
[White "aNaartjieZA"]
[Black "severomorskij"]
[Result "0-1"]
[WhiteElo "2485"]
[BlackElo "2752"]
[TimeControl "180+1"]
[EndTime "10:14:07 PDT"]
[Termination "severomorskij won by resignation"]

1. e4 c5 2. Nf3 e6 3. d3 Nc6 4. g3 d5 5. Nbd2 g6 6. Bg2 Bg7 7. O-O Nf6 8. Re1 O-O 9. c3 b6 10.
a3 a5 11. e5 Ng4 12. d4 cxd4 13. cxd4 f6 14. h3 Nxf2 15. Kxf2 fxe5 16. dxe5 Nxe5 17. Kg1 Nd3 18. Re3 Ba6 19. Rxe6 Qc8 20. Rxb6 Qc5+ 21. Kh2 Qxb6 22. Nf1 Rac8 23. Be3 Qxb2 24. Rb1 Qc2 25. Qxc2 Rxc2 26. Kg1 Rb2 27. Rxb2 Nxb2 28. Nd4 Bxf1 29. Bxf1 Nd1 30. Nc2 Nxe3 0-1

[Event "*** SCC Grand Prix: Titled Tuesday Blitz"]
[Site "Chess.com"]
[Date "2020.07.14"]
[Round "2"]
[White "Nastya_Rakhmangulova"]
[Black "luizwas"]
[Result "1-0"]
[WhiteElo "2342"]
[BlackElo "1813"]
[TimeControl "180+1"]
[EndTime "10:14:09 PDT"]
[Termination "Nastya_Rakhmangulova won by resignation"]

1. e4 e5 2. Nf3 Nc6 3. c3 d6 4.
d4 Bg4 5. Bb5 a6 6. Bxc6+ bxc6 7. dxe5 d5 8. exd5 cxd5 9. Qa4+ Qd7 10. Qxd7+ Kxd7 11. Ng5 Bh5 12. O-O h6 13. Nh3 Bc5 14. Nf4 Bg4 15. Nxd5 c6 16. Ne3 Bh5 17. Nd2 Re8 18.
Ne4 Rxe5 19. Nxc5+ Rxc5 20. b4 Rxc3 21. Bb2 Rd3 22. Bxg7 Rh7 23. Bb2 Ne7 24. Nc4 Rd5 25.
Nb6+ Kd6 26. Nxd5 Kxd5 27. f3 Rg7 28. Rfd1+ 1-0

[Event "*** SCC Grand Prix: Titled Tuesday Blitz"]
[Site "Chess.com"]
[Date "2020.07.14"]
[Round "2"]
[White "ailime26"]
[Black "deribas12345"]
[Result "0-1"]
[WhiteElo "1872"]
[BlackElo "2586"]
[TimeControl "180+1"]
[EndTime "10:14:10 PDT"]
[Termination "deribas12345 won by resignation"]

1. e4 c5 2. Nf3 d6 3. d4 cxd4 4. Nxd4 Nf6 5. Nc3 a6 6. Be3 e5 7. Nb3 Be7 8. f3 Be6 9. Qd2 O-O 10. O-O-O b5 11. g4 b4 12. Nd5 Bxd5 13. exd5 a5 14. Kb1 Qc7 15. h4 Nbd7 16. h5 Nb6 17. g5 Nfxd5 18. g6 a4 19. gxh7+ Kh8 20.
Nc1 Nxe3 21. Qxe3 a3 22. h6 g6 23. f4 axb2 24. Kxb2 Na4+ 25. Kb1 Nc3+ 0-1

[Event "*** SCC Grand Prix: Titled Tuesday Blitz"]
[Site "Chess.com"]
[Date "2020.07.14"]
[Round "2"]
[White "Denmark2015"]
[Black "Jabberwockiez"]
[Result "1-0"]
[WhiteElo "2572"]
[BlackElo "2282"]
[TimeControl "180+1"]
[EndTime "10:14:13 PDT"]
[Termination "Denmark2015 won by checkmate"]

1. d4 Nf6 2. c4 e6 3. Nc3 Bb4 4.
a3 Bxc3+ 5. bxc3 d6 6. f3 O-O 7. e4 e5 8. Bd3 Nc6 9. Ne2 Re8 10.
O-O b6 11. d5 Na5 12. Ng3 Ba6 13. Qe2 Rc8 14. Bg5 c6 15. Nh5 cxd5 16. Bxf6 gxf6 17. Qe3 Re6 18. exd5 Nxc4 19. Qh6 e4 20. Qg7# 1-0

[Event "*** SCC Grand Prix: Titled Tuesday Blitz"]
[Site "Chess.com"]
[Date "2020.07.14"]
[Round "2"]
[White "EvgenyRomanov"]
[Black "tk22h"]
[Result "1-0"]
[WhiteElo "2601"]
[BlackElo "2293"]
[TimeControl "180+1"]
[EndTime "10:14:16 PDT"]
[Termination "EvgenyRomanov won by resignation"]

1. e4 e5 2. Nf3 Nc6 3. d4 exd4 4. Nxd4 Nf6 5. Nxc6 bxc6 6. e5 Qe7 7. Qe2 Nd5 8. h4 f6 9. exf6 Qxe2+ 10. Bxe2 Nxf6 11. Bf4 d6 12. Nd2 Bf5 13. O-O-O Nd5 14. Bh2 Nb4 15. a3 Nxc2 16. Rhe1 Kd7 17. g4 Bg6 18. h5 Nd4 19. hxg6 hxg6 20. Bg3 Be7 21.
Nf3 Nb3+ 22. Kc2 Nc5 23. Nd4 Bf6 24. Bf3 Bxd4 25. Rxd4 Rhe8 26. Rxe8 Rxe8 27. b4 Ne6 28. Rd2 Rf8 29. Be4 g5 30. Bf5 1-0

[Event "*** SCC Grand Prix: Titled Tuesday Blitz"]
[Site "Chess.com"]
[Date "2020.07.14"]
[Round "2"]
[White "DonBroca"]
[Black "colegiodemadrid"]
[Result "0-1"]
[WhiteElo "2122"]
[BlackElo "2405"]
[TimeControl "180+1"]
[EndTime "10:14:26 PDT"]
[Termination "colegiodemadrid won by checkmate"]

1. c4 Nf6 2. Nc3 g6 3. d4 Bg7 4. Nf3 d6 5. g3 O-O 6. Bg2 Bf5 7. O-O Ne4 8. Re1 Nxc3 9. bxc3 Be4 10. Bf4 c5 11. e3 Nc6 12. Nd2 Bxg2 13. Kxg2 b6 14. Nf3 Qc8 15. Rc1 Qa6 16. Qe2 e5 17. dxe5 dxe5 18.
Bg5 f6 19. Bh4 g5 20. Nxg5 fxg5 21. Bxg5 Na5 22. Qg4 Qxc4 23. e4 Qf7 24. Re2 h5 25. Qh4 Qf3+ 26. Kf1 Qh1# 0-1

[Event "*** SCC Grand Prix: Titled Tuesday Blitz"]
[Site "Chess.com"]
[Date "2020.07.14"]
[Round "2"]
[White "WelshTiger"]
[Black "yuliagok"]
[Result "0-1"]
[WhiteElo "2374"]
[BlackElo "2114"]
[TimeControl "180+1"]
[EndTime "10:14:26 PDT"]
[Termination "yuliagok won by checkmate"]

1. e4 c6 2. d4 d5 3. Nd2 dxe4 4. Nxe4 Bf5 5. Ng3 Bg6 6. Nh3 e6 7. Nf4 Bd6 8. c3 Qc7 9. Qf3 Nf6 10. h4 Nbd7 11. h5 Bf5 12. Nxf5 exf5 13. Bd3 O-O 14. Bxf5 Rfe8+ 15. Kf1 c5 16. h6 g6 17. Bxd7 Qxd7 18.
Nxg6 Qb5+ 19. Kg1 Re1# 0-1

[Event "*** SCC Grand Prix: Titled Tuesday Blitz"]
[Site "Chess.com"]
[Date "2020.07.14"]
[Round "2"]
[White "verdest"]
[Black "Zhuu96"]
[Result "0-1"]
[WhiteElo "2521"]
[BlackElo "2844"]
[TimeControl "180+1"]
[EndTime "10:14:31 PDT"]
[Termination "Zhuu96 won by resignation"]

1. d4 Nf6 2. c4 g6 3. Nc3 Bg7 4. e4 d6 5. Be2 O-O 6. Nf3 Nbd7 7. O-O e5 8. Qc2 a5 9. Rd1 exd4 10. Nxd4 Nc5 11.
Be3 c6 12. f3 Qe7 13. Rac1 Rd8 14. b3 Bd7 15. a3 Be8 16. b4 axb4 17. axb4 Na6 18.
Qb3 d5 19. cxd5 cxd5 20. Nxd5 Nxd5 21. exd5 Ba4 22. Qd3 Bxd1 23. Rxd1 Nxb4 24. Qe4 Nxd5 25. Qxe7 Nxe7 0-1

[Event "*** SCC Grand Prix: Titled Tuesday Blitz"]
[Site "Chess.com"]
[Date "2020.07.14"]
[Round "2"]
[White "sotochess"]
[Black "SidArun"]
[Result "1/2-1/2"]
[WhiteElo "2439"]
[BlackElo "2252"]
[TimeControl "180+1"]
[EndTime "10:14:31 PDT"]
[Termination "Game drawn by agreement"]

1. e4 c6 2. d4 d5 3. f3 dxe4 4. fxe4 e5 5. Nf3 Bg4 6. Bc4 Nd7 7. O-O Ngf6 8. c3 b5 9. Bd3 Bd6 10.
Be3 Qc7 11. h3 Bh5 12. Nbd2 O-O 13. Qc2 a6 14. Nh4 Bg6 15. Nf5 Bxf5 16. Rxf5 Rae8 17. Raf1 c5 18. d5 c4 19. Be2 Bc5 20. Bxc5 Qxc5+ 21. Kh1 Qe3 22. R5f2 Nc5 23. Bf3 Nd3 24. Re2 Qc5 25. b3 Nf4 26. Ree1 Nd3 27. Re2 Nf4 1/2-1/2

[Event "*** SCC Grand Prix: Titled Tuesday Blitz"]
[Site "Chess.com"]
[Date "2020.07.14"]
[Round "2"]
[White "Josip_buje"]
[Black "Mfcyryd"]
[Result "0-1"]
[WhiteElo "2286"]
[BlackElo "2529"]
[TimeControl "180+1"]
[EndTime "10:14:37 PDT"]
[Termination "Mfcyryd won by resignation"]

1. d4 Nf6 2. Nf3 e6 3. Bg5 b6 4. e3 Bb7 5. Nbd2 h6 6. Bh4 g5 7. Bg3 d6 8. Bd3 Nbd7 9. h3 Qe7 10. c3 Bg7 11. a4 a5 12. Qe2 e5 13. dxe5 Nxe5 14. Nxe5 dxe5 15. Bb5+ c6 16. Bc4 O-O 17. O-O Rfd8 18. Nf3 Ne4 19. Bh2 Kh8 20. Rfd1 f5 21.
Rxd8+ Rxd8 22. Rd1 Rxd1+ 23. Qxd1 f4 24. Qc2 Nd6 25. Ba2 Bc8 26. Qb3 Qd8 27. g4 c5 28.
Qd5 Bb7 0-1

[Event "*** SCC Grand Prix: Titled Tuesday Blitz"]
[Site "Chess.com"]
[Date "2020.07.14"]
[Round "2"]
[White "CheckThis4"]
[Black "JuliaEfremova"]
[Result "0-1"]
[WhiteElo "2490"]
[BlackElo "2299"]
[TimeControl "180+1"]
[EndTime "10:14:40 PDT"]
[Termination "JuliaEfremova won by checkmate"]

1. d4 Nf6 2. Bg5 g6 3. Bxf6 exf6 4. e3 Bg7 5. h4 h5 6. c4 d6 7. Nc3 O-O 8. Qc2 Re8 9. O-O-O Nc6 10. Nge2 Ne7 11.
Nf4 c6 12. Bd3 Qa5 13. Kb1 a6 14. Ka1 b5 15. Nxg6 fxg6 16. Bxg6 Nxg6 17. Qxg6 Be6 18. Qxh5 Bxc4 19. Rh3 Re7 20. Rg3 Rae8 21. Qg6 Kf8 22.
Ne4 Qxa2# 0-1

[Event "*** SCC Grand Prix: Titled Tuesday Blitz"]
[Site "Chess.com"]
[Date "2020.07.14"]
[Round "2"]
[White "Kostya26"]
[Black "Juanovic"]
[Result "1-0"]
[WhiteElo "2385"]
[BlackElo "2089"]
[TimeControl "180+1"]
[EndTime "10:14:40 PDT"]
[Termination "Kostya26 won by resignation"]

1. e4 c5 2. Nf3 d6 3. Bb5+ Nd7 4. d4 cxd4 5. Qxd4 a6 6. Bxd7+ Qxd7 7. c4 Nf6 8. Nc3 g6 9. Bg5 Bg7 10. Nd5 Qd8 11.
Nxf6+ exf6 12. Bf4 O-O 13. Qxd6 Qa5+ 14. Bd2 Qa4 15. b3 Qe8 16. O-O Qxe4 17. Rfe1 Qg4 18. Bc3 Qd7 19. Qf4 Re8 20. Rxe8+ Qxe8 21. Bxf6 Bf5 22.
Bxg7 Kxg7 23. Re1 Qd7 24. Ne5 Re8 25. g4 Bxg4 26. Nxd7 Rxe1+ 27. Kg2 Bxd7 28. Qd4+ 1-0

[Event "*** SCC Grand Prix: Titled Tuesday Blitz"]
[Site "Chess.com"]
[Date "2020.07.14"]
[Round "2"]
[White "dennisodessa"]
[Black "ChessFunMaker"]
[Result "1-0"]
[WhiteElo "2457"]
[BlackElo "2263"]
[TimeControl "180+1"]
[EndTime "10:14:43 PDT"]
[Termination "dennisodessa won by checkmate"]

1. d4 Nf6 2. c4 d6 3. Nc3 e5 4. d5 g6 5. e4 Bg7 6. f3 O-O 7. Be3 Na6 8. Bd3 Nc5 9. Bc2 a5 10. Qd2 Nfd7 11. Nge2 f5 12. exf5 gxf5 13. O-O-O Nb6 14.
b3 a4 15. h3 axb3 16. axb3 Qe8 17. Bh6 Bxh6 18. Qxh6 Ra3 19. Kb2 Ra7 20. g4 f4 21.
Qxh7# 1-0

[Event "*** SCC Grand Prix: Titled Tuesday Blitz"]
[Site "Chess.com"]
[Date "2020.07.14"]
[Round "2"]
[White "wannabe2700"]
[Black "GMCarbone"]
[Result "1-0"]
[WhiteElo "2656"]
[BlackElo "2304"]
[TimeControl "180+1"]
[EndTime "10:14:45 PDT"]
[Termination "wannabe2700 won by resignation"]

1. d4 Nf6 2. c4 e6 3. Nc3 Bb4 4. e3 c5 5. Ne2 cxd4 6. exd4 O-O 7. a3 Be7 8. d5 exd5 9. cxd5 Bc5 10. b4 Bb6 11. Na4 Bxf2+ 12. Kxf2 Ne4+ 13. Kg1 b5 14. Nc5 Re8 15. Qd4 Nd6 16. Ng3 Na6 17. Bf4 Qe7 18.
Bd3 Nxc5 19. bxc5 Nc4 20. Nf5 Qf8 21. Bxc4 bxc4 22. Bd6 1-0

[Event "*** SCC Grand Prix: Titled Tuesday Blitz"]
[Site "Chess.com"]
[Date "2020.07.14"]
[Round "2"]
[White "GM4life"]
[Black "KejJaj"]
[Result "0-1"]
[WhiteElo "2345"]
[BlackElo "2038"]
[TimeControl "180+1"]
[EndTime "10:14:47 PDT"]
[Termination "KejJaj won by checkmate"]

1. e4 c5 2. Nf3 d6 3. d4 cxd4 4.
Nxd4 Nf6 5. Nc3 g6 6. Be3 Bg7 7. f3 O-O 8. Qd2 Nc6 9. Bc4 Nd7 10. O-O-O Nb6 11. Bb3 Na5 12. Qe2 a6 13. h4 e5 14.
h5 exd4 15. Bxd4 Bxd4 16. Rxd4 Nxb3+ 17. cxb3 Qf6 18. Qd2 Rd8 19. hxg6 fxg6 20. Ne2 a5 21. Qh6 Qg7 22. Qh4 Be6 23. f4 a4 24. f5 gxf5 25.
exf5 Bxf5 26. bxa4 Rac8+ 27. Nc3 Qxg2 28. Rdd1 Qc2# 0-1

[Event "*** SCC Grand Prix: Titled Tuesday Blitz"]
[Site "Chess.com"]
[Date "2020.07.14"]
[Round "2"]
[White "aloe_normansen"]
[Black "if_name_main_a"]
[Result "0-1"]
[WhiteElo "2202"]
[BlackElo "2431"]
[TimeControl "180+1"]
[EndTime "10:14:48 PDT"]
[Termination "if_name_main_a won by resignation"]

1. e4 e6 2. d4 d5 3. Nd2 c5 4.
exd5 Qxd5 5. Ngf3 cxd4 6. Bc4 Qd7 7. O-O Nc6 8. Nb3 a6 9. Nbxd4 Nxd4 10. Nxd4 Bd6 11.
Re1 Qc7 12. Nf5 Bxh2+ 13. Kh1 Kf8 14. Qe2 Nf6 15. Nh4 Bf4 16. Bxf4 Qxf4 17. g3 Qh6 18.
Kg2 b5 19. Qf3 Rb8 20. Bf1 Bb7 0-1

[Event "*** SCC Grand Prix: Titled Tuesday Blitz"]
[Site "Chess.com"]
[Date "2020.07.14"]
[Round "2"]
[White "anon132639"]
[Black "Jaka_Brilej"]
[Result "1-0"]
[WhiteElo "2697"]
[BlackElo "2310"]
[TimeControl "180+1"]
[EndTime "10:14:49 PDT"]
[Termination "anon132639 won by resignation"]

1. e4 c5 2. Nc3 Nc6 3. Bb5 Nd4 4. Nf3 Nxb5 5. Nxb5 d6 6. c4 Bd7 7. d4 cxd4 8. Nfxd4 Nf6 9. Nc3 Rc8 10. b3 Qa5 11. Bd2 Qb6 12. Be3 Qa5 13. Qd2 Ng4 14. O-O Nxe3 15. fxe3 g6 16. Rad1 Bg7 17. Nd5 Qd8 18.
Qb4 b6 19. Nf3 O-O 20. e5 e6 21. Nf6+ Bxf6 22. exf6 Qxf6 23. Qxd6 Be8 24. Nd4 Qg5 25. Qxf8+ 1-0

[Event "*** SCC Grand Prix: Titled Tuesday Blitz"]
[Site "Chess.com"]
[Date "2020.07.14"]
[Round "2"]
[White "PowerThinking2650"]
[Black "Evachess2006"]
[Result "1-0"]
[WhiteElo "2338"]
[BlackElo "1614"]
[TimeControl "180+1"]
[EndTime "10:15:01 PDT"]
[Termination "PowerThinking2650 won on time"]

1. c4 Nf6 2. e3 e5 3. a3 d5 4. Qc2 b6 5. cxd5 Nxd5 6. b3 Bb7 7. Bb2 Nd7 8. Nf3 Bd6 9. Be2 O-O 10. d3 Re8 11.
Nbd2 N7f6 12. Rg1 Qe7 13. g4 Nd7 14. g5 f6 15. gxf6 N5xf6 16. Ne4 Nxe4 17. dxe4 Nc5 18. Bc4+ 1-0

[Event "*** SCC Grand Prix: Titled Tuesday Blitz"]
[Site "Chess.com"]
[Date "2020.07.14"]
[Round "2"]
[White "PSvidler"]
[Black "Andrei_Belozerov"]
[Result "1-0"]
[WhiteElo "2978"]
[BlackElo "2569"]
[TimeControl "180+1"]
[EndTime "10:15:02 PDT"]
[Termination "PSvidler won by resignation"]

1. e4 c6 2. d4 d5 3. exd5 cxd5 4. Nf3 Nc6 5. Bb5 e6 6. Ne5 Bd7 7. Nxd7 Qxd7 8. c3 Bd6 9. Nd2 Nf6 10. Nf3 O-O 11. O-O Qc7 12. Re1 Rab8 13. a4 Rfc8 14. Bd3 a6 15. Bg5 Nd7 16. Qc2 Nf8 17. h4 Nb4 18. Qe2 Nxd3 19. Qxd3 b5 20. axb5 axb5 21. h5 h6 22. Bd2 b4 23. cxb4 Bxb4 24. Rec1 Qb7 25.
Bxb4 Qxb4 26. Ne5 Rc2 27. Rxc2 1-0

[Event "*** SCC Grand Prix: Titled Tuesday Blitz"]
[Site "Chess.com"]
[Date "2020.07.14"]
[Round "2"]
[White "barriochess"]
[Black "Escanor89"]
[Result "0-1"]
[WhiteElo "2286"]
[BlackElo "2522"]
[TimeControl "180+1"]
[EndTime "10:15:04 PDT"]
[Termination "Escanor89 won by resignation"]

1. d4 Nf6 2. c4 g6 3. Nc3 Bg7 4. e4 d6 5. f4 O-O 6. Nf3 c5 7. d5 e6 8. Be2 exd5 9. cxd5 Re8 10.
e5 dxe5 11. fxe5 Ng4 12. e6 fxe6 13. d6 Nc6 14. O-O Nd4 15. Ne4 Rf8 16. Nxd4 Bxd4+ 17. Qxd4 Rxf1+ 18. Kxf1 Nxh2+ 19. Kg1 cxd4 20. Bg5 Qb6 21.
Kxh2 Bd7 22. Nf6+ Kg7 23. Nxd7 Qxd6+ 24. g3 Qxd7 25. Rf1 Rf8 26. Bh6+ Kxh6 27. Rxf8 d3 0-1

[Event "*** SCC Grand Prix: Titled Tuesday Blitz"]
[Site "Chess.com"]
[Date "2020.07.14"]
[Round "2"]
[White "Atanejhad"]
[Black "LimaRR"]
[Result "1-0"]
[WhiteElo "2384"]
[BlackElo "2087"]
[TimeControl "180+1"]
[EndTime "10:15:05 PDT"]
[Termination "Atanejhad won by resignation"]

1. e4 c5 2. Nf3 e6 3. c3 Nf6 4. e5 Nd5 5. Bc4 Nb6 6. Bb3 c4 7. Bc2 d5 8. exd6 Qxd6 9. O-O Be7 10. b3 O-O 11. Qe2 cxb3 12. axb3 Nc6 13. d4 Bf6 14.
Bb2 Re8 15. Nbd2 Qc7 16. Ne4 Be7 17. c4 Nb4 18. Bb1 a5 19. Neg5 g6 20. h4 a4 21. h5 Bd7 22. hxg6 hxg6 23. Nxf7 Kxf7 24. Ne5+ Kg7 25. Qg4 g5 26. Qh5 1-0

[Event "*** SCC Grand Prix: Titled Tuesday Blitz"]
[Site "Chess.com"]
[Date "2020.07.14"]
[Round "2"]
[White "chessablanca"]
[Black "KaterynaLagno"]
[Result "0-1"]
[WhiteElo "2491"]
[BlackElo "2770"]
[TimeControl "180+1"]
[EndTime "10:15:06 PDT"]
[Termination "KaterynaLagno won by resignation"]

1. Nf3 Nf6 2. c4 g6 3. Nc3 Bg7 4. d4 d5 5. cxd5 Nxd5 6. e4 Nxc3 7. bxc3 c5 8. Be3 O-O 9. h3 Nc6 10. Be2 cxd4 11. cxd4 Qa5+ 12. Qd2 Qxd2+ 13. Kxd2 Rd8 14. Kc3 Be6 15. Bc4 Nxd4 16. Bxd4 Rac8 17. Bxg7 Rxc4+ 18. Kb2 Kxg7 19. Rhe1 Rdc8 20. Re2 Rb4+ 21. Ka3 a5 22. Re3 Rc2 23. Ng5 Bc4 24. e5 b5 0-1

[Event "*** SCC Grand Prix: Titled Tuesday Blitz"]
[Site "Chess.com"]
[Date "2020.07.14"]
[Round "2"]
[White "RobPeresian"]
[Black "Djager97"]
[Result "0-1"]
[WhiteElo "2236"]
[BlackElo "2443"]
[TimeControl "180+1"]
[EndTime "10:15:09 PDT"]
[Termination "Djager97 won on time"]

1. e4 e5 2. Nf3 Nc6 3. Bb5 a6 4. Bxc6 dxc6 5. O-O Bd6 6. d4 exd4 7. Qxd4 f6 8. Nbd2 Be6 9. b3 Ne7 10. Bb2 Ng6 11.
c4 Qe7 12. Qe3 O-O-O 13. Nd4 Bf4 14. Qe2 Bxd2 15. Rad1 Bf4 16. Nxc6 bxc6 17. c5 Kb7 0-1

[Event "*** SCC Grand Prix: Titled Tuesday Blitz"]
[Site "Chess.com"]
[Date "2020.07.14"]
[Round "2"]
[White "Speshka"]
[Black "Tonychess32"]
[Result "0-1"]
[WhiteElo "2152"]
[BlackElo "2595"]
[TimeControl "180+1"]
[EndTime "10:15:12 PDT"]
[Termination "Tonychess32 won by checkmate"]

1. e4 c5 2. Nf3 d6 3. d4 cxd4 4. Nxd4 Nf6 5. Nc3 a6 6. Qd3 e5 7. Nf5 Bxf5 8. exf5 d5 9. Bg5 d4 10. Ne4 Nbd7 11. O-O-O Be7 12. f4 Qb6 13. fxe5 Nxe4 14. Bxe7 Nf2 15. Qg3 Nxd1 16. Qxg7 Qxb2+ 17. Kxd1 Qa1+ 18. Kd2 Qc3+ 19. Kd1 Kxe7 20. f6+ Ke6 21.
Qg4+ Kxe5 22. Qxd7 Rhe8 23. Qxb7 Rab8 24. Qf3 Rb1+ 25. Ke2 Qxc2# 0-1

[Event "*** SCC Grand Prix: Titled Tuesday Blitz"]
[Site "Chess.com"]
[Date "2020.07.14"]
[Round "2"]
[White "shineatchess"]
[Black "SHIVACalypso"]
[Result "0-1"]
[WhiteElo "2192"]
[BlackElo "2422"]
[TimeControl "180+1"]
[EndTime "10:15:12 PDT"]
[Termination "SHIVACalypso won by resignation"]

1. Nf3 Nf6 2. g3 e6 3. Bg2 d5 4. O-O Be7 5. d4 O-O 6. c4 dxc4 7. Qc2 a6 8. a4 Bd7 9. Qxc4 Bc6 10. Bg5 Bd5 11. Qd3 c5 12. Bxf6 Bxf6 13. e4 Bc6 14.
Rd1 Qa5 15. Nc3 Rd8 16. Qc4 Qb4 17. Qxc5 Qxc5 18. dxc5 Nd7 19. Re1 Bxc3 20. b3 Bxa1 0-1

[Event "*** SCC Grand Prix: Titled Tuesday Blitz"]
[Site "Chess.com"]
[Date "2020.07.14"]
[Round "2"]
[White "Alexandercs432"]
[Black "atalz0"]
[Result "0-1"]
[WhiteElo "2097"]
[BlackElo "2390"]
[TimeControl "180+1"]
[EndTime "10:15:13 PDT"]
[Termination "atalz0 won by resignation"]

1. e4 c5 2. Nf3 d6 3. d4 cxd4 4. Nxd4 Nf6 5. Nc3 a6 6. Be3 e6 7.
g4 h5 8. g5 Ng4 9. Bd2 Qb6 10.
h3 Nxf2 11. Kxf2 Qxd4+ 12. Be3 Qxd1 13. Rxd1 Nc6 14. h4 g6 15. Be2 Ke7 16. Kg2 Bg7 17.
Rhf1 b5 18. Rd2 Bb7 19. Nd1 Ne5 20. Bd3 Rac8 21. Nf2 Nc4 22. Bxc4 Rxc4 23. c3 Bxe4+ 24. Nxe4 Rxe4 25. Bf2 Be5 26. Rfd1 Rc8 27. Rxd6 0-1